Map: Kairos Junction LE

Players

TiPtOP - Winner!

  • Race: Terran Terran
  • League: Silver
  • Spawn Location: 5:00

VOD

Have the link to the VOD?

Description

Time

  • Played on: May 13, 2019, 10:08 p.m.
  • Length: 14:32
Show
View Real Time Build Order
Export as new Build Order

TiPtOP Terran - Winner!

Build Orders:  

Get SALT Encoding   

  12  0:01  SCV  
  13  0:18  SCV  
  14  0:29  Supply Depot  
  14  0:35  SCV  
  15  0:59  SCV  
  16  1:03  Barracks  
  16  1:06  Refinery  
  16  1:15  SCV  
  17  1:32  SCV  
  18  1:49  SCV  
  19  1:57  Barracks  
  19  2:09  Orbital Command  
  19  2:26  Barracks Reactor  
  19  2:49  Command Center  
  19  2:55  SCV  
  20  3:16  Supply Depot  
  20  3:20  Marine  
  20  3:21  Marine  
  20  3:27  Barracks Tech Lab  
  22  3:33  SCV  
  23  3:43  Barracks  
  23  3:50  SCV  
  23  3:56  Stimpack  
  23  3:58  Marine  
  25  4:03  Marine x2  
  27  4:20  Supply Depot  
  27  4:25  Marine  
  27  4:28  Marine x2  
  30  4:30  SCV  
  30  4:39  SCV  
  32  4:47  SCV  
  33  4:54  Supply Depot  
  33  4:56  SCV  
  33  4:57  Marine  
  35  5:01  Marine  
  35  5:06  Barracks Reactor  
  36  5:22  Refinery  
  36  5:26  Supply Depot  
  36  5:31  SCV  
  36  5:33  Factory, SCV  
  36  5:39  Marine  
  35  5:40  Marine  
  39  5:47  SCV  
  41  5:50  SCV  
  41  5:59  Supply Depot  
  42  6:03  Marine x2  
  42  6:04  Marine  
  45  6:17  SCV  
  45  6:18  SCV  
  47  6:38  Factory Reactor  
  47  6:45  Starport  
  47  6:48  Marine x3  
  47  6:49  Marine  
  51  6:56  Marine  
  52  7:08  SCV  
  53  7:13  Marine x3  
  53  7:18  SCV  
  57  7:25  SCV  
  58  7:31  Marine  
  58  7:32  Marine  
  58  7:38  Marine x2  
  62  7:42  Marine  
  62  7:44  Orbital Command  
  59  7:56  Marine  
  59  7:57  Marine  
  56  8:07  Medivac x2  
  56  8:09  Marine x3  
  63  8:14  SCV  
  64  8:21  Marine  
  64  8:25  Factory Tech Lab  
  65  8:31  SCV  
  66  8:51  Refinery, SCV  
  66  8:52  SCV  
  66  8:57  Marine x2  
  66  8:58  Marine x3  
  73  9:08  Supply Depot  
  73  9:13  Engineering Bay  
  73  9:18  Medivac x2  
  77  9:22  Marine  
  78  9:38  Siege Tank, SCV, Marine x4  
  86  9:41  Supply Depot  
  86  10:00  Terran Infantry Weapons Level 1  
  86  10:11  Marine x2, Supply Depot  
  88  10:23  Siege Tank  
  91  10:34  Unknown  
  91  10:36  Marine x3  
  94  10:41  Marine  
  94  10:44  Supply Depot  
  95  10:54  SCV x2  
  96  11:09  Siege Tank  
  96  11:10  Siege Tank  
  96  11:15  Supply Depot  
  96  11:40  Siege Tank  
  96  11:46  Unknown  
  90  12:12  Siege Tank x2  
  87  12:46  Siege Tank  
  87  12:47  Siege Tank  
  86  13:22  Siege Tank  
  86  13:23  Siege Tank  
  86  13:51  Marine x3  
  86  13:52  Marine  
  86  13:53  Marine  
Tags
 
Add a new tag
Caveats
  • Supply blocks, unpowered buildings, or Contaminate may cause inaccurate times.
  • Supply counts are checked every 10 seconds.